 Dungeon Crawl Stone Soup version 0.17.0-23-g0de4337 (console) character file.

19 gw the Skirmisher (level 2, 0/24 HPs)
             Began as a Mummy Chaos Knight on Nov 14, 2015.
             Slain by a wyvern (glowing shapeshifter) (1 damage)
             ... on level 1 of the Dungeon.
             The game lasted 00:00:45 (696 turns).

gw the Skirmisher (Mummy Chaos Knight)               Turns: 696, Time: 00:00:45

Health: 0/24       AC:  5    Str: 15    XL:     2   Next: 55%
Magic:  2/2        EV: 11    Int: 11    God:    Xom [..*...]
Gold:   33         SH:  0    Dex: 11    Spells: 0 memorised, 1 level left

rFire  x . .     SeeInvis .     a - +0 mace (chaos)
rCold  + . .     Clarity  .     b - +2 leather armour
rNeg   + + +     SustAt   .     (no shield)
rPois  ∞         Gourm    .     (no helmet)
rElec  .         Spirit   .     (no cloak)
rCorr  .         Warding  .     (no gloves)
rMut   .         Stasis   .     (no boots)
MR     .....                    (no amulet)
Stlth  +.........               (no ring)
                                (no ring)

@: not resistant to hostile enchantments, very unstealthy
A: no food or potions, fire vulnerability, cold resistance 1, negative energy
resistance 3, torment resistance, unbreathing
a: Renounce Religion


You were on level 1 of the Dungeon.
You worshipped Xom.
You were a toy of Xom.
You were not hungry.

You visited 1 branch of the dungeon, and saw 1 of its levels.

You collected 33 gold pieces.

Inventory:

Hand Weapons
 a - a +0 mace of chaos (weapon)
Missiles
 d - 17 stones (quivered)
Armour
 b - a +2 leather armour (worn)
Scrolls
 c - a scroll of identify {unknown}


   Skills:
 + Level 3.1 Fighting
 * Level 2.7 Maces & Flails
 + Level 0.5 Throwing
 + Level 2.0 Armour
 - Level 0.7 Dodging


You had one spell level left.
You didn't know any spells.

Dungeon Overview and Level Annotations

Branches:
Dungeon (1/15)

Altars:


Innate Abilities, Weirdness & Mutations

You do not eat or drink.
Your flesh is vulnerable to fire.
You are immune to poison.
Your flesh is cold resistant.
You are immune to negative energy.
You are immune to unholy pain and torment.
You can survive without breathing.


Message History

The jackal bites you but does no damage.
MOVING TO (-9,-7)
You hit the goblin. You freeze the goblin.
The goblin is severely wounded.
The sky beast changes into a wyvern!
The jackal barely misses you.
The jackal bites you but does no damage.
The goblin hits you with a club. The jackal barely misses you.
The jackal closely misses you.
MOVING TO (-9,-6)
You thump the goblin!
You kill the goblin!
The jackal bites you. x2
The jackal barely misses you. The wyvern bites you!
The jackal closely misses you.
MOVING TO (-9,-5)
You hit the wyvern.
The wyvern looks slightly unstable.
The wyvern is moderately wounded.
The wyvern bites you.
You die...
Xom giggles madly!

..............¤#...# * #.#...#
.~.....~.....~¤#...#####.....#
...............+...+..P~~....####
....~.....¤..%.#..>#.77P~~.......
...............#.....7P~~7#######
.~.....~.....~.......##### ##
................%....# #.
....~%....~....#lh..%### #.
.##............#Mh.....# #######+
.###...~.......#.......###.......
.# ###...#....##.......'.#.......
. ##.##....####.....#.#.......
#.......# #.....#.#####.#.
##......# #.....#.# #'#. #......#
#....!#.# #<#. #......# #.....#.#
#+#. #......# #.!...#.# #...


You could see a wyvern shaped shifter and 2 jackals.

Table legend:
 A = Turns spent in this place as a percentage of turns spent in the entire game.
 B = Non-inter-level travel turns spent in this place as a percentage of non-inter-level travel turns spent in the entire game.
 C = Inter-level travel turns spent in this place as a percentage of turns spent in this place.
 D = Turns resting spent in this place as a percentage of non-inter-level travel turns spent in this place.
 E = Turns spent auto-exploring this place as a percentage of non-inter-level travel turns spent in this place.
 F = Non-inter-level travel turns spent in this place divided by the number of levels of this place that you've seen.
                   A       B       C       D       E      F
               +-------+-------+-------+-------+-------+----------------------
         Total | 100.0 | 100.0 |   0.0 |   0.6 |   2.2 | 942.0
       Dungeon | 100.0 | 100.0 |   0.0 |   0.6 |   2.2 | 942.0
               +-------+-------+-------+-------+-------+----------------------

Table legend:
 A = Kills in this place as a percentage of kills in entire the game.
 B = Kills by you in this place as a percentage of kills by you in the entire game.
 C = Kills by friends in this place as a percentage of kills by friends in the entire game.
 D = Other kills in this place as a percentage of other kills in the entire game.
 E = Experience gained in this place as a percentage of experience gained in the entire game.
 F = Experience gained in this place divided by the number of levels of this place that you have seen.
                   A       B       C       D       E      F
               +-------+-------+-------+-------+-------+----------------------
         Total | 100.0 | 100.0 |  -nan |  -nan | 100.0 |  28.0
       Dungeon | 100.0 | 100.0 |  -nan |  -nan | 100.0 |  28.0
               +-------+-------+-------+-------+-------+----------------------

Vanquished Creatures
  3 bats (D:1)
  A giant cockroach (D:1)
  2 goblins (D:1)
  4 hobgoblins (D:1)
  3 jackals (D:1)
  A giant newt (D:1)
  2 rats (D:1)
16 creatures vanquished.

Notes
Turn   | Place    | Note
--------------------------------------------------------------
     0 | D:1      | gw the Mummy Chaos Knight began the quest for the Orb.
     0 | D:1      | Reached XP level 1. HP: 18/18 MP: 1/1
     5 | D:1      | XOM: harmless Trmt miscast
   506 | D:1      | Reached XP level 2. HP: 24/24 MP: 2/2
   543 | D:1      | XOM: harmless Conj miscast
   555 | D:1      | XOM: divination: magic mapping
   676 | D:1      | XOM: potion effect (heal wounds)
   690 | D:1      | Noticed a wasp
   690 | D:1      | an iguana changed into a wasp
   692 | D:1      | Noticed a sky beast
   692 | D:1      | a wasp changed into a sky beast
   694 | D:1      | Noticed a wyvern
   694 | D:1      | a sky beast changed into a wyvern
   695 | D:1      | HP: 1/24 [wyvern (glowing shapeshifter) (9)]
   696 | D:1      | Slain by a wyvern (glowing shapeshifter)

Action                   || total
-------------------------++-------
Melee: Mace              ||    50
Throw: Stone             ||     3

Vault maps used:
D:1:      dpeg_arrival_tiny_b, serial_bayou_pond_e, roderic_serpentine_path,
          kennysheep_doodads, corner_web_ring
